 Dungeon Crawl Stone Soup version 0.20.0-10-g0535bb4 (webtiles) character file.

98 lauthentik the Sneak (level 4, -1/31 HPs)
             Began as a Vampire Enchanter on June 6, 2017.
             Slain by an adder (4 damage)
             ... on level 3 of the Dungeon.
             The game lasted 00:06:09 (2526 turns).

lauthentik the Sneak (Vampire Enchanter)            Turns: 2526, Time: 00:06:10

Health: -1/31      AC:  3    Str:  7    XL:     4   Next: 44%
Magic:  7/7        EV: 13    Int: 23    God:
Gold:   99         SH:  0    Dex: 14    Spells: 5/8 levels left

rFire    . . .     SeeInvis +   p - +2 falchion (slice)
rCold    + + .     Gourm    .   (no shield)
rNeg     + + +     Faith    .   b - +1 robe
rPois    ∞         Spirit   .   (no helmet)
rElec    .         Reflect  .   (no cloak)
rCorr    .         Harm     .   (no gloves)
MR       .....                  (no boots)
Stlth    +++++.....             (no amulet)
Regen    0.0/turn               (no ring)
MPRegen  0.1/turn               (no ring)

@: brilliant, bloodless, non-regenerating
A: fangs 3, see invisible, unbreathing
a: Bat Form


You were on level 3 of the Dungeon.
You were bloodless.

You visited 1 branch of the dungeon, and saw 3 of its levels.

You collected 99 gold pieces.

Inventory:

Hand Weapons
 a - a +1 dagger
 p - a +2 falchion of slicing (weapon)
 u - a -3 short sword
Armour
 b - a +1 robe (worn)
Scrolls
 e - 2 scrolls of teleportation
 f - a scroll of random uselessness {unknown}
 g - a scroll of identify
 i - 2 scrolls of enchant armour
 l - a scroll of remove curse
 o - 2 scrolls of amnesia {unknown}
 q - a scroll of enchant weapon {unknown}
 r - a scroll of fog {unknown}
Potions
 d - 16 potions of blood
 h - 4 potions of curing
 j - a potion of degeneration {unknown}
 k - a potion of brilliance
 m - a potion of magic
 n - a potion of heal wounds {unknown}
 s - a potion of ambrosia {unknown}
 t - a potion of lignification {unknown}
Books
 c - a book of Maledictions

   Spells                             Type                      Level
   a - Corona                         Hexes                        1
   b - Ensorcelled Hibernation        Hexes/Ice                    2
   c - Confuse                        Hexes                        3
   d - Tukima's Dance                 Hexes                        3
   e - Dazzling Spray                 Conjuration/Hexes            3


   Skills:
 + Level 0.5 Fighting
 + Level 1.5 Short Blades
 + Level 2.8 Dodging
 + Level 5.6 Stealth
 + Level 2.5 Spellcasting
 + Level 5.3 Hexes
 + Level 0.4 Ice Magic


You had 5 spell levels left.
You knew the following spells:

 Your Spells              Type           Power        Failure   Level  Hunger
a - Ensorcelled Hibernat  Hex/Ice        ####..       1%          2    ##.....
b - Corona                Hex            #####..      1%          1    None


Dungeon Overview and Level Annotations

Branches:
Dungeon (3/15)

Altars:
Gozag
The Shining One


Innate Abilities, Weirdness & Mutations

You do not heal naturally.
You are immune to poison.
You have razor-sharp teeth.
You have supernaturally acute eyesight. (SInv)
You can survive without breathing.


Message History

The adder is severely wounded.
You closely miss the adder.
The adder is severely wounded.
The bat closely misses you. x2; The adder closely misses you.
The adder barely misses you.
You riposte.
You closely miss the adder. You bite the adder.
You draw the adder's blood!
You feel better.
You feel slightly less thirsty.
The adder is severely wounded.
The bat barely misses you.
You riposte.
You completely miss the bat. You miss the adder.
The adder is severely wounded.
The bat hits you but does no damage. The bat hits you.
* * * LOW HITPOINT WARNING * * *
The adder bites you.
* * * LOW HITPOINT WARNING * * *
The bat closely misses you.
You riposte.
You closely miss the bat. The adder closely misses you.
It was a potion of magic.
Magic courses through your body. The bat hits you but does no damage.
The adder bites you.
You die...

... #.#########
#.........########
#.......#........#
#.......#hb......#
#..hwr..#........#
#.Khh............#
###b#####........#
#@##...........###
.....hS(##.........).#..
......###.....(......#..
...... #............#..
..... #............#..
..... ............#..
.... ....?......#.. ....
..............
....%.........


You could see a worm, a hound, an adder, 3 jackals, a bat, a kobold and a rat.

Vanquished Creatures
  2 adders (D:2)
  An ooze (D:2)
  3 worms (D:2)
  A dart slug (D:1)
  2 leopard geckos (D:2)
  4 orcs (D:3)
  4 giant cockroaches
  7 hobgoblins
  A jackal (D:3)
  10 kobolds
  8 bats
  6 frilled lizards
  5 goblins
  7 rats
61 creatures vanquished.

Notes
Turn   | Place    | Note
-------+----------+-------------------------------------------
     0 | D:1      | lauthentik the Vampire Enchanter began the quest for the Orb.
     0 | D:1      | Reached XP level 1. HP: 13/13 MP: 3/3
   449 | D:1      | Reached XP level 2. HP: 19/19 MP: 5/5
   453 | D:1      | Learned a level 2 spell: Ensorcelled Hibernation
  1069 | D:2      | Reached XP level 3. HP: 25/25 MP: 3/6
  1081 | D:2      | Reached skill level 5 in Hexes
  1430 | D:2      | Reached skill level 5 in Stealth
  1803 | D:2      | Reached XP level 4. HP: 31/31 MP: 2/7
  2014 | D:2      | Found a glowing golden altar of the Shining One.
  2016 | D:2      | Found an opulent altar of Gozag.
  2526 | D:3      | Slain by an adder

Skill      XL: |  1  2  3 |
---------------+----------+-----
Hexes          | 5 |  5.3
Stealth        | 5 |  5.6
Fighting       | |  0.5
Short Blades   | |  1.5
Dodging        | |  2.8
Spellcasting   | |  2.5
Ice Magic      | |  0.4

Action                   |  1- 3 |  4- 6 || total
-------------------------+-------+-------++-------
Melee: Dagger            |   113 |    37 ||   150
       Bite              |     6 |     6 ||    12
       Falchion          |    13 |     8 ||    21
 Cast: Corona            |    10 |       ||    10
       Ensorcelled Hiber |    25 |    15 ||    40
  Use: Scroll            |       |     4 ||     4
       Potion            |       |     2 ||     2
 Stab: Sleeping          |    23 |    13 ||    36
  Eat: Corpse            |     1 |       ||     1
Armor: Robe              |    28 |    29 ||    57
Dodge: Dodged            |   106 |    78 ||   184
       Rpst.: Falchion   |     3 |     8 ||    11
